 Dungeon Crawl Stone Soup version 0.29.0-4-gdea44cf6ec (webtiles) character file.

Game seed: 5624113393795793419

62 Zeldest the Ruffian (level 3, -8/36 HPs)
             Began as a Troll Fighter on Aug 27, 2022.
             Mangled by an ice beast (12 damage)
             ... on level 3 of the Dungeon.
             The game lasted 00:02:08 (1335 turns).

Zeldest the Ruffian (Troll Fighter)                 Turns: 1335, Time: 00:02:09

Health: -8/36      AC:  5    Str: 26    XL:     3   Next: 85%
Magic:  2/2        EV:  8    Int:  4    God:
Gold:   116        SH:  7    Dex:  9    Spells: 2/2 levels left

rFire   . . .      SeeInvis .     - Unarmed
rCold   . . .      Faith    .   b - +0 kite shield
rNeg    . . .      Spirit   .   a - +0 robe
rPois   .          Reflect  .   (helmet restricted)
rElec   .          Harm     .   k - +0 cloak
rCorr   .          Rampage  .   (gloves unavailable)
Will    .....                   (boots unavailable)
Stlth   +.........              (no amulet)
HPRegen 0.92/turn               (no ring)
MPRegen 0.08/turn               (no ring)

@: no status effects
A: large, unfitting armour, claws 3, regeneration 1, shaggy fur 1, tough skin 1
a: no special abilities


You were on level 3 of the Dungeon.
You visited 1 branch of the dungeon, and saw 3 of its levels.

You collected 116 gold pieces.

Inventory:

Armour
 a - a +0 robe (worn)
 b - a +0 kite shield (worn)
 k - a +0 cloak (worn)
Scrolls
 d - a scroll of fear {unknown}
 e - a scroll of amnesia {unknown}
 g - a scroll of blinking {unknown}
 j - 3 scrolls of identify {unknown}
 l - a scroll of noise {unknown}
Potions
 c - 2 potions of might
 f - a potion of haste {unknown}
 h - a potion of lignification {unknown}
 i - a potion of curing {unknown}
 m - a potion of flight {unknown}
 n - a potion of degeneration {unknown}


   Skills:
 + Level 2.9 Fighting
 - Level 2.4 Dodging
 + Level 3.1 Shields
 * Level 3.3 Unarmed Combat


You had 2 spell levels left.
You didn't know any spells.
Your spell library was empty.

Dungeon Overview and Level Annotations

Branches:
Dungeon (3/15)

Altars:


Innate Abilities, Weirdness & Mutations

You are too large for most types of armour.
You have claws for hands.
Your natural rate of healing is unusually fast.
You are covered in fur. (AC +1)
You have tough skin. (AC +1)


Message History

A frilled lizard is nearby!
There is a stone staircase leading down here.
A frilled lizard is nearby!
You barely miss the frilled lizard. You block the frilled lizard's attack.
You miss the frilled lizard. The frilled lizard barely misses you.
You miss the frilled lizard.
The frilled lizard bites you but does no damage.
You scratch the frilled lizard.
You kill the frilled lizard!
No target in view!
No target in view!
You now have 116 gold pieces (gained 18).
m - a yellow potion No target in view!
No target in view!
n - a golden potion Key pressed, stopping explore.
No target in view!
No target in view!
c - 2 potions of might (gained 1)
An ice beast comes into view.
An ice beast is nearby!
An ice beast is nearby!
Found a scroll labelled ZINTET GASTRU.
You see here a white potion.
An ice beast is nearby!
You completely miss the ice beast. The ice beast barely misses you.
You claw the ice beast!
The ice beast is heavily wounded.
The ice beast hits you. The ice beast freezes you!
You scratch the ice beast.
The ice beast is severely wounded.
The ice beast hits you. The ice beast freezes you!
* * * LOW HITPOINT WARNING * * *
You completely miss the ice beast.
The ice beast is severely wounded.
The ice beast hits you.
* * * LOW HITPOINT WARNING * * *
The ice beast freezes you!
You die...

..#..............#
......#..........##
..######..........#
..# ##.........#
.... ...#.##....#
..... #####.####.##
..... #.####.##
..#.. #.......# ...
#.....@.# ..
#.....Y.#
.........#
#........#
#........#
.........#
.........#
....?#####


You could see an ice beast.

Vanquished Creatures
  An adder (D:3)
  A dart slug (D:1)
  5 bats
  2 endoplasms
  4 giant cockroaches
  6 goblins
  3 hobgoblins (D:2)
  3 quokkas
  5 ball pythons
  4 frilled lizards
  10 kobolds
  3 rats (D:1)
47 creatures vanquished.

Notes
Turn   | Place    | Note
-------+----------+-------------------------------------------
     0 | D:1      | Zeldest the Troll Fighter began the quest for the Orb.
     0 | D:1      | Reached XP level 1. HP: 22/22 MP: 0/0
   139 | D:1      | Reached XP level 2. HP: 29/29 MP: 1/1
   156 | D:1      | Found a faded altar of an unknown god.
   591 | D:1      | Reached XP level 3. HP: 33/36 MP: 2/2
  1328 | D:3      | Noticed an ice beast
  1335 | D:3      | Mangled by an ice beast

Illustrated notes

Levels and vault maps discovered:
D:1:      elethiomel_arrival_infinity_welcomes_careful_drivers, layout_basic,
          shapermc_ecumenical_altar_pompeii, hangedman_abyss_or_decor_stabs
D:2:      layout_basic, palyth_stone_intersect, kennysheep_generic_room_14
D:3:      layout_rooms

Skill      XL: |  1  2  3 |
---------------+----------+-----
Shields        | 3 |  3.1
Unarmed Combat | 3 |  3.3
Fighting       | |  2.9
Dodging        | |  2.4

Action                   || total
-------------------------++-------
Melee: Unarmed           ||   141
 Stab: Sleeping          ||     1
Armor: Robe              ||    46
Dodge: Dodged            ||    44
Block: Kite shield       ||    46
